 Dungeon Crawl Stone Soup version 0.22.0-38-g04b72b8 (webtiles) character file.

106 Lew the Sneak (level 4, -7/28 HPs)
             Began as a Gargoyle Fighter on Aug 30, 2018.
             Mangled by Sigmund
             ... wielding a +0 scythe
              (8 damage)
             ... on level 2 of the Dungeon.
             The game lasted 00:01:52 (990 turns).

Lew the Sneak (Gargoyle Fighter)                     Turns: 990, Time: 00:01:53

Health: -7/28      AC: 10    Str: 19    XL:     4   Next: 84%
Magic:  4/4        EV:  7    Int:  9    God:
Gold:   56         SH:  9    Dex: 10    Spells: 3/3 levels left

rFire    . . .     SeeInvis .   a - +0 rapier
rCold    . . .     Gourm    .   c - +0 shield
rNeg     + . .     Faith    .   b - +0 scale mail
rPois    ∞         Spirit   .   (no helmet)
rElec    +         Reflect  .   (no cloak)
rCorr    .         Harm     .   (no gloves)
MR       .....                  (no boots)
Stlth    +.........             (no amulet)
HPRegen  0.09/turn              (no ring)
MPRegen  0.09/turn              (no ring)

@: no status effects
A: negative energy resistance 1, electricity resistance, unbreathing,
petrification resistance, rot immunity, AC +3
a: no special abilities


You were on level 2 of the Dungeon.
You were hungry.

You visited 1 branch of the dungeon, and saw 2 of its levels.

You collected 56 gold pieces.

Inventory:

Hand Weapons
 a - a +0 rapier (weapon)
Armour
 b - a +0 scale mail (worn)
 c - a +0 shield (worn)
Scrolls
 g - a scroll of amnesia {unknown}
 h - 3 scrolls of identify {unknown}
 k - a scroll of teleportation {unknown}
Potions
 d - a potion of might
 e - a potion of degeneration {unknown}
 i - a potion of curing {unknown}
 j - a potion of heal wounds {unknown}
 l - a potion of ambrosia {unknown}
Comestibles
 f - 6 rations


   Skills:
 - Level 3.2 Fighting
 - Level 1.7 Short Blades
 - Level 3.2 Armour
 + Level 5.2 Stealth
 - Level 3.2 Shields


You had 3 spell levels left.
You didn't know any spells.
Your spell library was empty.

Dungeon Overview and Level Annotations

Branches:
Dungeon (2/15)

Altars:
Makhleb

Annotations:
D:2 Sigmund


Innate Abilities, Weirdness & Mutations

You are resistant to torment.
Your stone body is resilient. (AC +3)
You are immune to poison.
You resist negative energy. (rN+)
You are resistant to electric shocks. (rElec)
You can survive without breathing.
You are immune to petrification.
You are immune to rotting.


Message History

You closely miss something.
You're too confused to move!
Something hits you!
You feel less confused. Something hits you!
You hit something but do no damage. Something hits you but does no damage.
You hit something. You block something's attack.
Your shield and scale mail prevent you from hitting something.
Something hits you!
* * * LOW HITPOINT WARNING * * *
You hit something. Something hits you.
* * * LOW HITPOINT WARNING * * *
You hit something. You hit something but do no damage.
You hear some strange, mumbled words.
A magic dart appears from out of thin air!
The magic dart hits you!
You closely miss something. Something hits you.
* * * LOW HITPOINT WARNING * * *
You closely miss something. Something hits you!
You die...

######.######.#
#.............#
#.####.########
#.# #.######
#.#
#....).######
#.#
#.####.......
#.#
#....###.####
#{#
#....##.#.###
#@#
##...#.###...
#.#
##.###.#.###
#.######.#
##.##
#........# #.#
########.# #.#
#.# #.# #.# #.#
#.####.#
#....#.###


There were no monsters in sight!

Vanquished Creatures
  Terence (D:2)
  3 adders (D:2)
  An ooze (D:2)
  A worm (D:2)
  A dart slug (D:1)
  3 leopard geckos
  2 giant cockroaches
  4 goblins
  6 hobgoblins
  2 jackals (D:2)
  4 kobolds
  A quokka (D:2)
  A ball python (D:2)
  5 bats
  5 rats
40 creatures vanquished.

Notes
Turn   | Place    | Note
-------+----------+-------------------------------------------
     0 | D:1      | Lew the Gargoyle Fighter began the quest for the Orb.
     0 | D:1      | Reached XP level 1. HP: 14/14 MP: 1/1
    22 | D:1      | Reached skill level 1 in Stealth
    70 | D:1      | Reached skill level 2 in Stealth
    70 | D:1      | Reached XP level 2. HP: 19/19 MP: 2/2
   338 | D:1      | Reached skill level 3 in Stealth
   626 | D:2      | Found a burning altar of Makhleb.
   628 | D:2      | Reached XP level 3. HP: 23/23 MP: 3/3
   646 | D:2      | Noticed Terence
   658 | D:2      | Killed Terence
   658 | D:2      | Reached skill level 4 in Stealth
   721 | D:2      | Reached XP level 4. HP: 26/28 MP: 4/4
   898 | D:2      | Reached skill level 5 in Stealth
   971 | D:2      | Noticed Sigmund
   986 | D:2      | HP: 1/28 [something (5)]
   990 | D:2      | Mangled by Sigmund

Skill      XL: |  1  2  3  4 |
---------------+-------------+-----
Stealth        | 2 3 4 5 |  5.2
Fighting       | |  3.2
Short Blades   | |  1.7
Armour         | |  3.2
Shields        | |  3.2

Action                   |  1- 3 |  4- 6 || total
-------------------------+-------+-------++-------
Melee: Rapier            |    86 |    69 ||   155
 Stab: Sleeping          |       |     1 ||     1
Armor: Scale mail        |    46 |    37 ||    83
Dodge: Dodged            |    31 |    15 ||    46
Block: Shield            |    39 |    22 ||    61
